Map: Dusk Towers

Players

lIlIlIlIlIlI (SortOf) - Winner!

  • Race: Zerg Zerg

iaguz

  • Race: Terran Terran

Event: NationWars III

VOD

Have the link to the VOD?

Description

Time

  • Played on: Dec. 6, 2015, 1:39 p.m.
  • Length: 11:13
Show
View Real Time Build Order
Export as new Build Order

lIlIlIlIlIlI Zerg - Winner!

Build Orders: Hatch First 

Get SALT Encoding   

  12  0:00  Drone  
  13  0:13  Overlord  
  13  0:17  Drone  
  14  0:31  Drone x2  
  14  0:35  Drone  
  17  0:46  Drone  
  18  0:55  Hatchery  
  17  0:58  Drone  
  18  1:05  Extractor  
  18  1:07  Drone  
  18  1:20  Spawning Pool  
  18  1:21  Drone  
  18  1:29  Drone  
  19  1:40  Drone  
  20  1:55  Overlord  
  20  2:01  Drone  
  21  2:07  Queen x2  
  26  2:08  Drone  
  26  2:11  Drone  
  27  2:18  Metabolic Boost  
  27  2:19  Drone  
  28  2:25  Drone  
  28  2:29  Drone  
  30  2:35  Overlord  
  30  2:40  Drone  
  30  2:42  Queen  
  33  2:50  Hatchery  
  32  2:57  Drone  
  32  2:58  Drone x2  
  35  3:03  Overlord  
  35  3:06  Zergling x2  
  36  3:13  Zergling x2  
  36  3:16  Drone x5  
  42  3:21  Zergling x4  
  44  3:31  Drone  
  44  3:32  Roach Warren, Drone, Extractor  
  44  3:36  Drone  
  44  3:38  Evolution Chamber  
  44  3:40  Evolution Chamber  
  43  3:43  Overlord  
  43  3:46  Drone  
  44  3:49  Drone x2  
  44  3:50  Drone  
  44  3:55  Drone x2  
  49  3:58  Overlord  
  48  4:04  Drone x3  
  51  4:10  Extractor  
  51  4:11  Zerg Ground Armor Level 1  
  51  4:14  Roach  
  51  4:15  Drone  
  53  4:17  Roach  
  53  4:20  Roach  
  53  4:23  Drone x2  
  59  4:27  Spore Crawler  
  58  4:31  Spore Crawler, Drone x2  
  58  4:35  Zerg Melee Weapons Level 1  
  58  4:37  Roach  
  61  4:39  Drone  
  61  4:42  Ravager  
  61  4:43  Drone x2  
  65  4:46  Overlord  
  65  4:49  Overlord  
  66  4:52  Ravager  
  66  4:59  Spore Crawler  
  65  5:00  Overlord  
  65  5:03  Drone  
  65  5:05  Drone x4, Ravager  
  65  5:06  Drone  
  72  5:20  Drone x3  
  71  5:25  Drone  
  71  5:26  Drone  
  71  5:28  Drone x2  
  70  5:29  Lair  
  70  5:32  Drone x2  
  70  5:33  Drone x2, Overlord  
  70  5:35  Overlord, Drone  
  74  5:36  Drone  
  74  5:40  Roach x2  
  74  5:42  Roach  
  82  5:48  Drone x2  
  84  5:50  Extractor  
  84  5:51  Extractor  
  84  5:53  Drone  
  82  5:59  Drone x2  
  82  6:01  Hatchery, Ravager x2  
  85  6:08  Hatchery, Overlord  
  84  6:14  Drone x2  
  84  6:17  Overlord x3  
  86  6:18  Zergling x2  
  86  6:19  Zergling x2  
  86  6:23  Zergling x6  
  91  6:26  Ravager  
  91  6:28  Zergling x8  
  91  6:30  Overseer  
  96  6:37  Overlord  
  96  6:39  Zerg Ground Armor Level 2, Zerg Melee Weapons Level 2  
  96  6:44  Infestation Pit  
  96  6:45  Zergling x6  
  98  6:48  Queen  
  100  6:54  Zergling x6  
  100  6:55  Zergling x4  
  100  6:59  Overlord  
  105  7:02  Zergling x6  
  105  7:03  Zergling x6  
  105  7:06  Roach x2  
  117  7:08  Roach  
  117  7:13  Drone x2  
  117  7:14  Drone x4  
  122  7:17  Roach  
  123  7:28  Hive, Pathogen Glands  
  123  7:29  Drone x4  
  128  7:30  Drone  
  128  7:32  Extractor  
  128  7:35  Zergling x8  
  131  7:38  Drone x4  
  135  7:45  Zergling x12  
  135  7:46  Zergling x2  
  142  7:53  Overlord  
  142  7:56  Overlord  
  139  7:59  Roach x2, Zergling x4  
  139  8:04  Infestor x2  
  149  8:12  Infestor x3  
  153  8:16  Zergling x4  
  153  8:17  Roach, Zergling x14  
  161  8:22  Infestor  
  161  8:24  Zergling x2  
  161  8:25  Zergling x10  
  167  8:30  Overlord  
  167  8:33  Overseer  
  167  8:34  Ravager x2  
  169  8:36  Zergling x2, Extractor  
  169  8:37  Zergling x6  
  172  8:45  Zergling x4  
  172  8:46  Zergling x4  
  172  8:48  Ultralisk Cavern  
  161  8:57  Zergling x14  
  161  8:58  Zergling x6  
  159  9:05  Roach x3, Zergling x6  
  159  9:06  Roach, Zergling x4  
  172  9:10  Queen  
  172  9:14  Roach x3, Zergling x8  
  174  9:23  Drone x7  
  155  9:27  Drone x2  
  155  9:30  Drone x2  
  158  9:35  Ravager, Queen  
  163  9:38  Ultralisk, Swarm Host  
  163  9:39  Zergling x2  
  170  9:48  Zergling x2  
  170  9:49  Zergling x14  
  172  9:55  Infestor  
  172  9:57  Overlord  
  173  10:12  Queen  
  173  10:16  Zergling x6  
  173  10:17  Zergling x10  
  174  10:28  Ultralisk x2  
  174  10:29  Zergling x4  
  174  10:35  Zergling x10  
  135  10:50  Zergling x2  
  135  10:51  Zergling x30  
Show
View Real Time Build Order
Export as new Build Order

iaguz Terran 

Build Orders: Command Center First (CC), Liberator Opening, Bio Tank 

Get SALT Encoding   

  12  0:01  SCV  
  13  0:13  SCV  
  14  0:17  Supply Depot  
  14  0:25  SCV  
  15  0:39  SCV  
  16  0:51  SCV  
  17  0:59  Command Center  
  17  1:03  SCV  
  18  1:14  Barracks  
  18  1:16  SCV  
  19  1:21  Refinery  
  19  1:29  Refinery  
  19  1:32  SCV  
  20  1:47  SCV  
  21  1:59  SCV  
  22  2:05  Marine  
  23  2:12  Orbital Command  
  23  2:16  Factory  
  23  2:19  Orbital Command  
  23  2:24  Barracks Reactor  
  23  2:38  SCV  
  24  2:45  SCV  
  24  2:50  SCV  
  26  2:57  SCV  
  27  3:00  Marine x2, Widow Mine  
  27  3:02  SCV, Starport  
  32  3:09  SCV  
  32  3:11  Supply Depot  
  33  3:14  SCV  
  33  3:18  Marine x2  
  36  3:23  SCV  
  36  3:26  SCV  
  38  3:29  Supply Depot, Factory Tech Lab  
  38  3:33  Liberator  
  38  3:35  SCV  
  38  3:38  SCV  
  40  3:42  Command Center  
  40  3:47  SCV  
  41  3:50  SCV  
  41  3:52  Medivac  
  47  3:58  Marine  
  48  4:05  SCV x2  
  48  4:08  Supply Depot  
  48  4:09  Supply Depot  
  50  4:10  Siege Tank  
  53  4:17  SCV  
  53  4:19  Barracks Tech Lab  
  54  4:29  SCV  
  54  4:30  SCV  
  56  4:37  Barracks x2  
  56  4:40  Stimpack, Marine  
  56  4:41  SCV, Starport Reactor  
  58  4:47  SCV  
  58  4:50  Refinery x2  
  58  4:52  Engineering Bay  
  59  4:53  SCV  
  59  4:54  Engineering Bay  
  59  4:55  Orbital Command  
  59  4:58  Marine  
  59  4:59  SCV  
  62  5:01  Siege Tank  
  62  5:06  SCV  
  66  5:12  SCV  
  67  5:18  SCV  
  67  5:20  Orbital Command  
  63  5:24  Marine x2  
  63  5:25  Marauder  
  64  5:30  SCV  
  64  5:33  Terran Infantry Weapons Level 1, SCV  
  64  5:34  Terran Infantry Armor Level 1  
  65  5:38  Barracks  
  65  5:39  Barracks  
  65  5:45  SCV x2  
  65  5:46  SCV  
  65  5:48  Starport Reactor  
  68  5:50  Marauder, Marine x4  
  68  5:55  Siege Tank  
  77  5:57  SCV x2  
  77  5:59  SCV  
  77  6:00  Supply Depot  
  77  6:02  Supply Depot  
  80  6:07  Supply Depot  
  80  6:09  SCV x2  
  80  6:11  SCV  
  83  6:16  Marauder  
  85  6:22  Supply Depot, Marine x4  
  85  6:23  SCV x3  
  92  6:26  Supply Depot  
  92  6:28  Barracks Reactor, Barracks Tech Lab, Siege Tank  
  92  6:30  Medivac x2  
  99  6:35  SCV x3  
  99  6:37  Supply Depot  
  102  6:41  Combat Shields  
  102  6:47  SCV x3, Refinery  
  102  6:50  Supply Depot  
  102  6:52  Armory  
  102  6:53  Marine x3  
  102  6:54  Marine x3  
  111  7:06  Supply Depot, Siege Tank, Marine x2  
  111  7:07  Supply Depot  
  116  7:10  Barracks  
  116  7:11  Marine  
  116  7:14  Supply Depot  
  116  7:15  Barracks x2  
  117  7:16  Marine x2  
  117  7:17  Marauder  
  117  7:19  Marauder  
  120  7:25  Marine x2  
  120  7:26  Marine  
  120  7:29  Marine  
  124  7:31  Medivac x2  
  124  7:34  Marine  
  129  7:37  Supply Depot  
  129  7:38  Marauder  
  129  7:39  Marine  
  129  7:40  Marauder  
  129  7:43  Marine  
  135  7:45  Marine x2  
  135  7:47  Marine  
  141  7:52  Terran Infantry Weapons Level 2  
  141  7:57  Marine  
  138  8:00  Marauder  
  138  8:02  Marauder  
  142  8:08  Marine x2  
  142  8:09  Marine x2  
  142  8:11  Marine  
  149  8:15  Barracks Reactor, Marine  
  149  8:16  Barracks Reactor, Barracks Tech Lab  
  139  8:21  Marauder  
  139  8:23  Marauder  
  139  8:26  Marine x4  
  147  8:28  Marine  
  147  8:31  Siege Tank, Medivac x2  
  147  8:33  Marine  
  156  8:37  Marauder  
  158  8:42  Marauder  
  158  8:44  Marine x5  
  158  8:46  Marine  
  166  8:51  Marine x2  
  166  8:53  Marine x3  
  166  8:59  Marauder  
  166  9:02  Marine x5  
  159  9:04  Marine, Marauder  
  159  9:08  Marine  
  159  9:09  Marine  
  164  9:10  Marine  
  164  9:11  Medivac x2, Siege Tank, Marine x2  
  169  9:19  Marine  
  169  9:20  Marauder x2, Marine x2  
  169  9:21  Marine  
  169  9:22  Marine  
  153  9:25  Marauder  
  153  9:26  Marine  
  153  9:27  Marine  
  153  9:28  Marine x2  
  153  9:29  Marine  
  152  9:37  Marine x2  
  152  9:38  Marine  
  155  9:39  Marine  
  155  9:40  Marine  
  155  9:41  Marauder, Marine  
  155  9:44  Medivac x2, Marine  
  155  9:45  Marine  
  166  9:46  Marine  
  166  9:47  Marauder  
  157  9:55  Marine x3  
  157  9:59  Marauder  
  162  10:01  Marine x4  
  162  10:02  Siege Tank, Marine  
  162  10:03  Marauder, Marine  
  173  10:07  Supply Depot  
  173  10:08  Supply Depot  
  173  10:18  Marine  
  173  10:19  Marine x3  
  173  10:20  Marine x3  
  173  10:21  Marauder x2  
  173  10:23  Marine  
  173  10:26  Marauder, Marine  
  170  10:29  Marine  
  170  10:30  Medivac x2  
  148  10:36  Marine  
  148  10:37  Marine x3  
  148  10:38  Marine x3  
  148  10:41  Marine  
  148  10:42  Marauder  
  151  10:43  Marauder  
  151  10:47  Marauder, Marine x2  
  140  10:53  Marine  
  140  10:55  Marine  
Tags
 
Add a new tag
Caveats
  • Supply blocks, unpowered buildings, or Contaminate may cause inaccurate times.
  • Supply counts are checked every 10 seconds.